 Dungeon Crawl Stone Soup version 0.28.0-45-g0d030f2227 (webtiles) character file.

Game seed: 3453907084813340413

56714 Kaptain the Geomancer (level 14, -2/91 HPs)
             Began as a Gargoyle Earth Elementalist on Apr 7, 2022.
             Slain by a death yak (17 damage)
             ... led by a torpor snail
             ... on level 4 of the Lair of Beasts.
             The game lasted 00:37:38 (21865 turns).

Kaptain the Geomancer (GrEE)                       Turns: 21865, Time: 00:37:39

Health: -2/91      AC: 26    Str: 22    XL:     14   Next: 83%
Magic:  0/28       EV: 13    Int: 21    God:
Gold:   1121       SH:  0    Dex: 10    Spells: 21/33 levels left

rFire   + . .      SeeInvis +   R - +8 scimitar of Feec {drain, rCorr}
rCold   + . .      Faith    .   (no shield)
rNeg    + . .      Spirit   .   N - +3 ring mail "Egrig Atad" {Str+10}
rPois   ∞          Reflect  .   a - +2 helmet {SInv}
rElec   +          Harm     .   O - scarf {rC+ rF+}
rCorr   +          Rampage  .   b - +0 pair of gloves
Will    ++...                   q - +0 pair of boots
Stlth   ++........              P - amulet of the acrobat
HPRegen 0.25/turn               h - ring of flight
MPRegen 0.21/turn               G - ring of willpower

@: flying
A: sickness immunity, AC +10, big wings, negative energy resistance 1,
electricity resistance, torment resistance 1, petrification resistance
a: no special abilities


You were on level 4 of the Lair of Beasts.
You visited 2 branches of the dungeon, and saw 18 of its levels.
You also visited: Sewer and Ossuary.

You collected 1121 gold pieces.

Inventory:

Hand Weapons
 m - a +3 scimitar of flaming
 t - a +0 trident
 v - a +2 mace of protection
 E - a +1 rapier of venom
 L - a +4 morningstar
 R - the +8 scimitar of Feec (weapon) {drain, rCorr}
   (You found it on level 4 of the Lair of Beasts)

   A truly terrible weapon, it drains the life of any living foe it strikes.
   rCorr:     It protects you from acid and corrosion.
Missiles
 i - 10 javelins
 I - 129 stones
 J - a throwing net
Armour
 a - a +2 helmet of see invisible (worn)
 b - a +0 pair of gloves (worn)
 g - quicksilver dragon scales
 q - a +0 pair of boots (worn)
 w - +0 fire dragon scales
 N - the +3 ring mail "Egrig Atad" (worn) {Str+10}
   (You found it on level 12 of the Dungeon)

   Str:       It affects your strength (+10).
 O - a scarf of resistance (worn)
 T - the +3 chain mail of Resonance {Regen+ Str+3 SInv Stlth+}
   (You found it on level 5 of the Lair of Beasts)

   Str:       It affects your strength (+3).
   SInv:      It lets you see invisible.
   Regen:     It increases your rate of health regeneration.
   Stlth:     It makes you more stealthy.
Magical Staves
 D - a staff of fire
Jewellery
 h - a ring of flight (left hand)
 r - a ring of fire
 G - a ring of willpower (right hand)
 P - an amulet of the acrobat (around neck)
 S - a ring of magical power
Wands
 c - a wand of iceblast (3)
 f - a wand of mindburst (11)
 H - a wand of flame (58)
 K - a wand of digging (5)
 M - a wand of polymorph (15)
 Q - a wand of acid (4)
 U - a wand of charming (6)
Scrolls
 l - 3 scrolls of amnesia
 o - 6 scrolls of teleportation
 s - 2 scrolls of holy word
 y - 4 scrolls of enchant weapon
 C - 5 scrolls of enchant armour
 V - a scroll of identify
Potions
 e - 3 potions of brilliance
 j - a potion of ambrosia
 k - 4 potions of invisibility
 n - a potion of attraction {unknown}
 p - 5 potions of haste
 u - a potion of heal wounds {unknown}
 x - a potion of cancellation {unknown}
 z - 4 potions of might
 A - a potion of berserk rage
 B - a potion of magic
 F - 5 potions of resistance
Miscellaneous
 d - a condenser vane


   Skills:
 * Level 11.9 Fighting
 + Level 8.4 Armour
 + Level 6.7 Dodging
 - Level 5.0 Stealth
 - Level 5.5 Shields
 * Level 10.3 Spellcasting
 * Level 11.9 Conjurations
 - Level 0.7 Transmutations
 * Level 13.4 Earth Magic


You had 21 spell levels left.
You knew the following spells:

 Your Spells              Type           Power      Damage    Failure   Level
a - Sandblast             Erth           100%       2d20      1%          1
b - Stone Arrow           Conj/Erth      100%       3d13      1%          3
c - Mephitic Cloud        Conj/Pois/Air  27%        N/A       5%          3
d - Iskenderun's Battles  Conj           57%        2d11      1%          5

Your spell library contained the following spells:

 Spells                   Type           Power      Damage    Failure   Level
 Foxfire                  Conj/Fire      100%       2x1d9     1%          1
 Magic Dart               Conj           100%       1d8       1%          1
 Passwall                 Tmut/Erth      33%        N/A       1%          2
 Searing Ray              Conj           100%       2d8       1%          2
 Static Discharge         Conj/Air       35%        N/A       1%          2
 Petrify                  Tmut/Erth      40%        N/A       4%          4
 Leda's Liquefaction      Hex/Erth       19%        N/A       6%          4
 Sting                    Tmut/Pois      48%        1d5       8%          1
 Fulminant Prism          Conj/Hex       17%        3d11      8%          4
 Animate Skeleton         Necr           20%        N/A       9%          1
 Apportation              Tloc           20%        N/A       9%          1
 Summon Small Mammal      Summ           40%        N/A       9%          1
 Blink                    Tloc           20%        N/A       14%         2
 Ensorcelled Hibernation  Hex/Ice        20%        N/A       14%         2
 Poisonous Vapours        Pois/Air       20%        N/A       14%         2
 Scorch                   Fire           20%        2d6       14%         2
 Fireball                 Conj/Fire      17%        3d9       22%         5
 Lightning Bolt           Conj/Air       17%        1d32      22%         5
 Spider Form              Tmut/Pois      12%        N/A       24%         3
 Call Canine Familiar     Summ           10%        N/A       26%         3
 Confusing Touch          Hex            10%        N/A       26%         3
 Ignite Poison            Fire/Tmut/Pois 11%        N/A       26%         3
 Lesser Beckoning         Tloc           10%        N/A       26%         3
 Portal Projectile        Hex/Tloc       20%        N/A       26%         3
 Swiftness                Air            10%        N/A       26%         3
 Freezing Cloud           Conj/Ice/Air   13%        6-21      45%         5
 Orb of Destruction       Conj           28%        9d9       50%         7
 Anguish                  Hex/Necr       5%         N/A       65%         4
 Olgreb's Toxic Radiance  Pois           10%        N/A       65%         4
 Conjure Ball Lightning   Conj/Air       17%        3x3d6     77%         6
 Blade Hands              Tmut           6%         N/A       88%         5
 Yara's Violent Unravell  Hex/Tmut       6%         3d5       91%         5
 Excruciating Wounds      Necr           5%         N/A       94%         5
 Manifold Assault         Tloc           10%        N/A       94%         5
 Eringya's Noxious Bog    Tmut/Pois      6%         N/A       100%        6
 Enfeeble                 Hex            5%         N/A       100%        7
 Ozocubu's Refrigeration  Ice            5%         4d6       100%        7
 Ignition                 Fire           5%         3d4       100%        8
 Maxwell's Capacitive Co  Air            5%         ∞         100%        8
 Fire Storm               Conj/Fire      17%        8d5       100%        9


Dungeon Overview and Level Annotations

Branches:
Dungeon (12/15)            Temple (0/1) D:6            Lair (6/6) D:8
 Shoals (0/4) Lair:2        Snake (0/4) Lair:3        Slime (0/5) Lair:6
    Orc (0/2) D:9           Sewer (visited)         Ossuary (visited)

Altars:
Dithmenos
Makhleb
Nemelex Xobeh
Uskayaw
Xom
Zin
Jiyva

Shops:
D:9 ?

Annotations:
D:10 2 transporters
D:12 1 runed translucent door, Plog's ghost, journeyman DgVM


Innate Abilities, Weirdness & Mutations

You are immune to sickness and miasma.
Your stone body is resilient. (AC +10)
You are immune to poison.
Your large and strong wings let you fly.
You resist negative energy. (rN+)
You are resistant to electric shocks. (rElec)
You are resistant to unholy torment.
You are immune to petrification.


Message History

Aiming: Sandblast (safe; 1% risk of failure)
Press: ? - help, Shift-Dir - straight line, f/p - death yak
Aim: a death yak (moderately wounded, 94% to hit)
The blast of sand hits the death yak but does no damage.
The death yak is moderately wounded.
The death yak gores you but does no damage.
Unknown command.
Casting: Sandblast (safe; 1% risk of failure)
Confirm with . or Enter, or press ? or * to list all spells.
Aiming: Sandblast (safe; 1% risk of failure)
Press: ? - help, Shift-Dir - straight line, f/p - death yak
Aim: a death yak (moderately wounded, 94% to hit)
The blast of sand hits the death yak but does no damage.
The death yak is moderately wounded.
The death yak gores you but does no damage.
Unknown command.
Okay, then.
You slash the death yak! You drain the death yak.
The death yak is moderately wounded.
The death yak gores you but does no damage.
Unknown command.
You slash the death yak!
The death yak is heavily wounded.
The death yak misses you.
The death yak gores you but does no damage.
Unknown command.
You hit the death yak.
The death yak is severely wounded.
The death yak gores you!
* * * LOW HITPOINT WARNING * * *
Unknown command.
Casting: Sandblast (safe; 1% risk of failure)
Confirm with . or Enter, or press ? or * to list all spells.
Aiming: Sandblast (safe; 1% risk of failure)
Press: ? - help, Shift-Dir - straight line, f/p - death yak
Aim: a death yak (severely wounded, lightly drained, 94% to hit)
The blast of sand hits the death yak!!
The death yak is almost dead.
The death yak gores you!
You die...

...........##
............#
............#
............## ###
.............# ##.##
.............###.#.##
...............#....#
..............###...###
...............Y@.....#
...............##....##
.............#..#...P#
#............##.P...##
##...>......#.#....##
##P.#.....###....##
####P##.## #.P###
###### ####


You could see a death yak (drained).

Vanquished Creatures
  Gastronok (Lair:1)
  Josephine (Lair:5)
  Harold (D:8)
  A boulder beetle (Lair:2)
  4 hydras
  Erica (D:8)
  3 two-headed ogres
  10 death yaks
  Sonja (Lair:6)
  4 lindwurms (Lair:2)
  A cyclops (D:11)
  3 elephants (Lair:4)
  4 black mambas
  12 cane toads
  8 komodo dragons
  Psyche (D:12)
  A rime drake (Lair:3)
  A hornet (D:10)
  3 polar bears
  Prince Ribbit (D:5)
  9 blink frogs
  A dream sheep (Lair:6)
  35 yaks
  3 wyverns
  3 wraiths (Lair:4)
  2 basilisks
  A steam dragon (Lair:2)
  Eustachio (D:5)
  3 vampire mosquitoes (D:12)
  Grum (D:8)
  13 water moccasins
  3 black bears
  5 ice beasts
  2 sky beasts (D:7)
  A necrophage (D:5)
  An ogre (D:7)
  6 centaurs
  28 wolves
  A kobold brigand (D:10)
  12 bullfrogs
  A gnoll sergeant (D:10)
  A wyvern skeleton (D:6)
  A water moccasin skeleton (D:2)
  4 wights (D:9)
  A howler monkey (D:9)
  11 centaur zombies
  A bullfrog zombie (D:6)
  A bullfrog skeleton (D:6)
  3 hounds
  3 jellies
  3 orc priests
  Crazy Yiuf (D:7)
  A centaur skeleton (D:6)
  A gnoll shaman (D:8)
  5 iguanas
  3 orc wizards (D:7)
  6 mummies (Ossuary)
  Robin (D:2)
  2 howler monkey zombies
  10 gnolls
  A howler monkey skeleton (D:6)
  2 adders
  2 river rats (D:4)
  2 white imps
  An ufetubus (D:4)
  An adder skeleton (D:4)
  A worm (D:3)
  A dart slug (D:3)
  24 orcs
  8 ball pythons
  10 bats
  6 endoplasms
  3 giant cockroaches
  12 goblins
  14 hobgoblins
  4 jackals
  A quokka (D:1)
  A frilled lizard (D:1)
  2 hobgoblin zombies (Ossuary)
  18 kobolds
  11 rats
378 creatures vanquished.

Vanquished Creatures (others)
  24 fungi
  63 plants
87 creatures vanquished.

Grand Total: 465 creatures vanquished

Notes
Turn   | Place    | Note
-------+----------+-------------------------------------------
     0 | D:1      | Kaptain the Gargoyle Earth Elementalist began the quest for
                  | the Orb.
     0 | D:1      | Reached XP level 1. HP: 10/10 MP: 3/3
   123 | D:1      | Reached XP level 2. HP: 9/16 MP: 0/5
  1032 | D:2      | Reached skill level 1 in Fighting
  1032 | D:2      | Reached skill level 1 in Armour
  1032 | D:2      | Reached skill level 1 in Conjurations
  1032 | D:2      | Reached skill level 4 in Earth Magic
  1032 | D:2      | Reached XP level 3. HP: 9/20 MP: 3/6
  1032 | D:2      | Reached XP level 4. HP: 11/25 MP: 3/7
  1712 | D:2      | Noticed Robin
  1716 | D:2      | Killed Robin
  2131 | D:3      | Reached XP level 5. HP: 30/30 MP: 9/9
  2203 | D:3      | Learned a level 3 spell: Stone Arrow
  2328 | D:3      | Noticed a black bear
  2335 | D:3      | Killed a black bear
  2336 | D:3      | Reached XP level 6. HP: 36/36 MP: 0/10
  2517 | D:3      | Found a shimmering altar of Xom.
  2576 | D:3      | Found a sparkling altar of Nemelex Xobeh.
  3246 | D:4      | Found a glowing drain.
  3264 | Sewer    | Entered a sewer
  3390 | Sewer    | Noticed a water moccasin
  3397 | Sewer    | Killed a water moccasin
  3398 | Sewer    | Reached skill level 5 in Earth Magic
  3906 | D:4      | Found a burning altar of Makhleb.
  3910 | D:4      | Reached XP level 7. HP: 41/41 MP: 8/12
  4006 | D:5      | Entered Level 5 of the Dungeon
  4114 | D:5      | Noticed Eustachio
  4120 | D:5      | Killed Eustachio
  4376 | D:5      | Found a hide-covered altar of Uskayaw.
  4536 | D:5      | Noticed Prince Ribbit
  4543 | D:5      | Killed Prince Ribbit
  4544 | D:5      | Reached skill level 6 in Earth Magic
  4544 | D:5      | Reached XP level 8. HP: 31/48 MP: 1/14
  4893 | D:6      | Found a sand-covered staircase.
  4901 | Ossuary  | Entered an ossuary
  5343 | D:6      | Found a staircase to the Ecumenical Temple.
  5789 | D:6      | Reached skill level 5 in Fighting
  6220 | D:7      | Reached skill level 5 in Spellcasting
  6220 | D:7      | Reached skill level 5 in Conjurations
  6220 | D:7      | Reached XP level 9. HP: 31/54 MP: 7/16
  6226 | D:7      | Reached skill level 7 in Earth Magic
  7323 | D:7      | Found a runed translucent door.
  7324 | D:7      | Noticed Crazy Yiuf
  7586 | D:7      | Killed Crazy Yiuf
  7705 | D:8      | Learned a level 3 spell: Mephitic Cloud
  7766 | D:8      | Noticed Grum
  8014 | D:8      | Killed Grum
  8094 | D:8      | Got the Papyrus of Poisonous Combat Magic
  8110 | D:8      | Noticed a two-headed ogre
  8188 | D:7      | Killed a two-headed ogre
  8189 | D:7      | Reached skill level 1 in Shields
  8189 | D:7      | Reached skill level 8 in Earth Magic
  8189 | D:7      | Reached XP level 10. HP: 27/61 MP: 0/19
  8547 | D:8      | Noticed Erica
  8552 | D:8      | Killed Erica
  8630 | D:8      | Found a shadowy altar of Dithmenos.
  8686 | D:8      | Found a staircase to the Lair.
  8905 | D:8      | Noticed Harold
  9020 | D:8      | Killed Harold
  9167 | D:8      | Found a glowing silver altar of Zin.
  9443 | D:9      | Found Lorch's Magic Scroll Emporium.
  9588 | D:9      | Found a staircase to the Orcish Mines.
  9737 | D:9      | Noticed a two-headed ogre
  9807 | D:9      | Reached skill level 5 in Armour
 10022 | D:9      | You are sucked into a shaft and drop 3 floors!
 10028 | D:12     | Noticed Psyche
 10033 | D:12     | Killed Psyche
 10112 | D:12     | Noticed a two-headed ogre
 10118 | D:12     | Killed a two-headed ogre
 10119 | D:12     | Reached skill level 9 in Earth Magic
 10269 | D:12     | Reached XP level 11. HP: 60/68 MP: 3/21
 10388 | D:12     | Identified the +3 ring mail "Egrig Atad" {Str+10}
 10443 | D:12     | Found a runed translucent door.
 10445 | D:12     | Noticed Plog's ghost (journeyman DgVM)
 10493 | D:11     | Noticed a boulder beetle
 10525 | D:11     | Noticed a cyclops
 10553 | D:11     | Killed a cyclops
 10637 | D:10     | Entered Level 10 of the Dungeon
 11596 | D:10     | Found a transporter.
 11599 | D:10     | Noticed a rakshasa
 11604 | D:10     | Found a transporter.
 11609 | D:10     | Noticed a wizard
 11661 | D:9      | Killed a two-headed ogre
 11772 | D:9      | Reached skill level 10 in Earth Magic
 12156 | Lair:1   | Entered Level 1 of the Lair of Beasts
 12156 | Lair:1   | Noticed a four-headed hydra
 12160 | Lair:1   | Killed a four-headed hydra
 12290 | Lair:1   | Identified the +1 ring mail of Ifoalyef {-Tele rC+ Dex+4}
 12343 | Lair:1   | Reached skill level 5 in Stealth
 12357 | Lair:1   | Reached skill level 5 in Dodging
 12598 | Lair:1   | Reached XP level 12. HP: 75/75 MP: 13/23
 13028 | Lair:1   | Noticed Gastronok
 14078 | Lair:1   | Killed Gastronok
 14345 | Lair:1   | Reached skill level 11 in Earth Magic
 14992 | Lair:2   | Identified the +6 hunting sling "Hewkuc" {venom, Str+3}
 15119 | Lair:2   | Reached skill level 10 in Fighting
 15119 | Lair:2   | Reached skill level 5 in Shields
 15119 | Lair:2   | Reached skill level 10 in Conjurations
 15119 | Lair:2   | Reached XP level 13. HP: 83/83 MP: 24/26
 15149 | Lair:2   | Found a staircase to the Shoals.
 15168 | Lair:2   | Learned a level 5 spell: Iskenderun's Battlesphere
 15404 | Lair:2   | Reached skill level 12 in Earth Magic
 16284 | Lair:3   | Found a staircase to the Snake Pit.
 16623 | Lair:2   | Gained mutation: Your large and strong wings let you fly.
                  | [Gargoyle growth]
 16623 | Lair:2   | Reached XP level 14. HP: 51/88 MP: 6/27
 18241 | Lair:4   | Got the Grimoire of the Arsonist
 19119 | Lair:4   | Identified the +8 scimitar of Feec {drain, rCorr}
 19408 | Lair:5   | Noticed Josephine
 19900 | Lair:5   | Killed Josephine
 19901 | Lair:5   | Reached skill level 10 in Spellcasting
 19901 | Lair:5   | Reached skill level 13 in Earth Magic
 20662 | Lair:5   | Identified the +3 chain mail of Resonance {Regen+ Str+3
                  | SInv Stlth+}
 21008 | Lair:6   | Entered Level 6 of the Lair of Beasts
 21154 | Lair:6   | Found a staircase to the Slime Pits.
 21154 | Lair:6   | Found a viscous altar of Jiyva.
 21522 | Lair:6   | Noticed Sonja
 21527 | Lair:6   | Killed Sonja
 21865 | Lair:4   | Slain by a death yak

Illustrated notes

Levels and vault maps discovered:
D:1:      dpeg_arrival_stonehenge_8_columns, layout_basic
D:2:      layout_basic, uniq_robin
D:3:      minmay_wonky_spiral, layout_rooms, xom_redecorated,
          lemuel_doored_altar, kennysheep_generic_room_13
D:4:      layout_basic, makhleb_heckhound_becter, portal_sewer_entry_e
D:5:      layout_basic, nicolae_uskayaw_murder_on_the_dancefloor,
          uniq_eustachio, uniq_prince_ribbit1
D:6:      layout_loops_ring, minmay_temple_entry_offerings,
          nicolae_ossuary_entry_monument, kennysheep_boxes
D:7:      black_bear_nest_1, layout_basic, minmay_a_box_with_orc_wizards_in_it,
          uniq_crazy_yiuf_cottage
D:8:      layout_rooms, nicolae_dithmenos_shadow_blocks, zin_scriptorium,
          lightli_orcish_oven, uniq_grum, uniq_harold, uniq_erica
D:9:      layout_big_octagon, orc_0_dummy, nicolae_inconvenience_store,
          chequers_serial_rivers_micro_b
D:10:     layout_stronghold, gammafunk_ghost_abyssal_escape, st_stairs_4,
          minmay_misc_feat_cross, corexii_hall_statues_l,
          hangedman_abyss_or_decor_passed, grunt_ministairs_11
D:11:     layout_stronghold, serial_ice, serial_ice_l, serial_ice_m,
          serial_ice_f, serial_ice_g, serial_ice_b, serial_ice_h,
          portal_ice_cave_rime
D:12:     layout_cave_pods, serial_shops, shop, ebering_ghost_funeral_grove,
          uniq_psyche, uniq_azrael
Lair:1:   layout_layer_cave, minmay_stone_trees_medium, grunt_megastairs_4,
          uniq_gastronok
Lair:2:   layout_regular_city, minmay_shoals_entry_centaurs,
          serial_bayou_lagoon_a, minmay_lindwurm_lava, grunt_megastairs_5,
          infiniplex_staircase_pool_2
Lair:3:   layout_roguey, guppyfry_snake_entry_garden, uniq_urug
Lair:4:   layout_cave_pods
Lair:5:   layout_cave_shapes, uniq_josephine
Lair:6:   minmay_lair_end_enchanted_forest, layout_long_grid, slime_altar_1,
          minivault_24, uniq_sonja

Skill      XL: |  1  2  3  4  5  6  7  8  9 10 11 12 13 14 |
---------------+-------------------------------------------+-----
Fighting       | 1 2 3 4 5 6 7 8 10 11 | 11.9
Armour         | 1 2 3 4 5 6 7 8 |  8.4
Conjurations   | 1 2 4 5 6 7 8 10 11 | 11.9
Earth Magic    | 4 5 6 8 9 10 11 12 13 | 13.4
Dodging        | 2 3 4 5 6 |  6.7
Spellcasting   | 3 4 5 6 7 9 10 | 10.3
Shields        | 1 2 3 5 |  5.5
Stealth        | 3 5 |  5.0
Transmutations | |  0.7

Action                   |  1- 3 |  4- 6 |  7- 9 | 10-12 | 13-15 || total
-------------------------+-------+-------+-------+-------+-------++-------
Melee: Dagger            |    30 |    64 |       |       |       ||    94
       Hand axe          |       |    29 |    34 |       |       ||    63
       Rapier            |       |       |    12 |       |       ||    12
       Mace              |       |       |     8 |   122 |    57 ||   187
       Punch             |       |       |       |     2 |     2 ||     4
       Scimitar          |       |       |       |       |    35 ||    35
 Cast: Sandblast         |    17 |    66 |    82 |    56 |    63 ||   284
       Stone Arrow       |       |     4 |    52 |   205 |   227 ||   488
       Iskenderun's Batt |       |       |       |       |    10 ||    10
Evoke: Wand              |       |       |     2 |       |       ||     2
  Use: Scroll            |       |     8 |     6 |     6 |     5 ||    25
       Potion            |       |       |       |     7 |       ||     7
 Stab: Sleeping          |     2 |     1 |       |       |       ||     3
Armor: Robe              |    11 |    23 |       |       |       ||    34
       Leather armour    |       |    33 |     2 |       |       ||    35
       Quicksilver drago |       |       |   115 |    12 |       ||   127
       Ring mail         |       |       |       |   173 |   221 ||   394
Dodge: Dodged            |    22 |    86 |   108 |   201 |   196 ||   613
